Crunch vs Penguins
(R1)
Created - June 17, 2022 at 19:11
Goals
|
| Crunch |
4 |
1 |
4 |
9 |
| Penguins |
2 |
2 |
4 |
8 |
|
Shots
|
| Crunch |
15 |
7 |
16 |
38 |
| Penguins |
13 |
16 |
13 |
42 |
|
1st period
1. Crunch , Denis Gurianov 28 (Connor Bunnaman 9) at 2:46
2. Penguins , Andrew O'Brien 4 (Cedric Paquette 61, Iven Barbashev 20) at 9:45 (PP)
3. Crunch , Jayson Megna 18 (Brock Boeser 60, Teemu Hartikainen 47) at 10:13
4. Crunch , Dylan Strome 21 (Anthony Cirelli 26, Teemu Hartikainen 48) at 12:23 (PP)
5. Crunch , Jayson Megna 19 (Teemu Hartikainen 49) at 13:39
6. Penguins , Iven Barbashev 23 (William Nylander 52, Cedric Paquette 62) at 14:52 (PP)
Penalties :
Brock Boeser (Syr) for Goalie Interference (Minor) at 6:32, Matt Roy (Syr) for Hooking (Minor) at 8:58, Denis Malgin (Wil) for Roughing (Minor) at 11:39, Dylan Strome (Syr) for Hooking (Minor) at 14:16, Cedric Paquette (Wil) for Interference (Minor) at 15:09
2nd period
7. Penguins , Anthony Beauvillier 19 (Frederick Gaudreau 43) at 10:48
8. Penguins , Cedric Paquette 24 (Iven Barbashev 21, William Nylander 53) at 17:44 (PP)
9. Crunch , Teemu Hartikainen 48 (Roman Josi 3, Jordan Oesterle 34) at 17:56
Penalties :
Adam Brooks (Wil) for Slashing (Minor) at 2:11, Jayson Megna (Syr) for Hooking (Minor) at 10:54, Dalton Smith (Syr) for High sticking (Minor) at 13:59, Jordan Oesterle (Syr) for Hooking (Minor) at 17:34
3rd period
10. Crunch , Teemu Hartikainen 49 (Brock Boeser 61, Roman Josi 4) at 0:26 (PP)
11. Penguins , William Nylander 42 (Christopher Tanev 24, Iven Barbashev 22) at 0:36
12. Penguins , Cedric Paquette 25 (Iven Barbashev 23, William Nylander 54) at 1:04 (PP)
13. Penguins , Andrew O'Brien 5 (Christopher Tanev 25) at 8:13
14. Crunch , Dalton Smith 15 (Denis Gurianov 26, Roman Josi 5) at 10:24
15. Crunch , Michael Ferland 24 (Anthony Cirelli 27) at 15:36 (PP)
16. Crunch , Brock Boeser 36 (Teemu Hartikainen 50) at 19:37 (SH)
17. Penguins , William Nylander 43 (Christopher Tanev 26, Iven Barbashev 24) at 19:47 (PP)
Penalties :
William Nylander (Wil) for Tripping (Minor) at 0:17, Jayson Megna (Syr) for Slashing (Minor) at 0:48, Cedric Paquette (Wil) for Diving (Minor) at 1:20, Mitch Callahan (Syr) for Holding (Minor) at 4:03, Christopher Tanev (Wil) for Hooking (Minor) at 15:08, Sean Walker (Syr) for Holding (Minor) at 18:58
Goalie Stats
Josef Korenar (Syr), 34 saves from 42 shots - (0.810), W, 11-16-3, 60:00 minutes
Anthony Stolarz (Wil), 19 saves from 24 shots - (0.792), L, 6-13-0, 45:44 minutes
Connor Hellebyuk (Wil), 10 saves from 14 shots - (0.714), 13:39 minutes
Players Stats for Crunch
Player Name G A P +/- PIM S H SB GA TA FO MP PP MP PK MP
------------------------------------------------------------------------------------
Anatoli Golyshev 0 0 0 -1 0 0 0 0 1 0 0/0 4:25 0:00 0:00
Anthony Cirelli 0 2 2 0 0 4 1 1 0 1 0/0 19:06 3:22 2:55
Brock Boeser 1 2 3 3 2 3 0 1 1 0 1/2 21:49 3:56 5:40
Charles-Olivier Roussel 0 0 0 2 0 0 0 0 0 0 0/0 8:09 0:00 0:00
Connor Bunnaman 0 1 1 1 0 0 0 2 0 0 5/8 11:45 0:00 0:00
Dalton Smith 1 0 1 1 2 4 2 2 0 2 0/1 12:58 0:00 0:52
Denis Gurianov 1 1 2 1 0 2 0 0 0 0 0/0 11:45 0:00 0:00
Dylan Strome 1 0 1 0 2 3 1 0 0 0 7/14 16:47 3:14 0:24
Jacob Larsson 0 0 0 -1 0 0 0 1 0 0 0/0 3:27 0:00 0:00
Jared Staal 0 0 0 0 0 0 0 0 0 0 0/0 1:17 0:08 0:00
Jayson Megna 2 0 2 2 4 2 1 0 1 0 25/37 18:39 3:56 2:11
Jeremy Lauzon 0 0 0 -1 0 0 0 0 0 0 0/0 3:27 0:00 0:00
Jordan Oesterle 0 1 1 3 2 1 1 1 0 1 0/0 26:43 3:55 7:11
Kyle Capobianco 0 0 0 0 0 0 0 0 0 0 0/0 0:22 0:00 0:22
Matt Roy 0 0 0 -1 2 0 2 0 1 0 0/0 21:17 3:23 3:01
Max McCormick 0 0 0 0 0 0 0 0 0 0 0/0 0:08 0:08 0:00
Michael Downing 0 0 0 0 0 0 0 0 0 0 0/0 0:00 0:00 0:00
Michael Ferland 1 0 1 0 0 4 2 0 0 0 0/1 16:12 3:14 0:09
Mitch Callahan 0 0 0 -1 2 1 1 0 0 0 0/0 4:58 0:00 0:00
Noah Hanifin 0 0 0 -1 0 1 3 4 0 0 0/0 21:30 3:23 3:13
Pierre-Luc Dubois 0 0 0 0 0 0 0 0 0 0 0/0 2:44 0:00 2:10
Roman Josi 0 3 3 3 0 3 0 1 2 1 0/0 26:54 3:55 7:21
Sean Walker 0 0 0 2 2 0 0 0 0 0 0/0 8:08 0:00 0:00
Teemu Hartikainen 2 4 6 2 0 10 1 3 2 4 8/20 26:47 3:56 6:47
Players Stats for Penguins
Player Name G A P +/- PIM S H SB GA TA FO MP PP MP PK MP
------------------------------------------------------------------------------------
Adam Brooks 0 0 0 -1 2 0 0 0 0 0 3/9 9:52 0:00 0:21
Andrew O'Brien 2 0 2 0 0 2 4 1 0 0 0/0 31:21 7:08 4:30
Anthony Beauvillier 1 0 1 0 0 4 0 0 0 0 0/0 14:25 4:17 0:00
Cedric Paquette 2 2 4 -1 4 5 0 0 2 0 21/40 24:30 6:13 2:14
Christopher Tanev 0 3 3 0 2 5 3 1 0 1 0/0 30:52 7:08 4:02
Curtis Hamilton 0 0 0 -1 0 0 0 0 1 0 0/1 10:46 0:00 1:37
Dakota Mermis 0 0 0 -2 0 2 1 0 1 1 0/0 19:00 2:52 2:48
Danny Biega 0 0 0 -2 0 1 1 3 0 2 0/0 19:28 2:52 3:16
Denis Malgin 0 0 0 -1 2 1 2 0 0 1 3/6 9:03 0:04 2:07
Frederick Gaudreau 0 1 1 0 0 1 1 0 0 0 7/21 15:33 4:17 1:04
Gavin Bayreuther 0 0 0 -1 0 2 0 1 0 0 0/0 9:39 0:34 0:00
German Rubtsov 0 0 0 0 0 0 0 0 0 0 0/0 0:00 0:00 0:00
Iven Barbashev 1 5 6 -1 0 7 3 0 2 0 2/2 22:13 6:17 0:00
John Marino 0 0 0 -1 0 0 1 0 0 0 0/0 9:39 0:34 0:00
Juuso Ikonen 0 0 0 -1 0 1 0 0 0 0 0/0 6:52 0:00 0:01
Kyle Connor 0 0 0 0 0 0 2 0 1 1 0/3 17:14 4:17 2:45
Max Gortz 0 0 0 -1 0 3 0 0 1 0 0/0 9:07 0:00 0:00
Sam Kurker 0 0 0 -1 0 0 1 0 0 0 0/0 6:44 0:00 0:00
William Nylander 2 3 5 -1 2 8 1 0 1 2 1/1 26:18 6:17 4:27
3 Stars
1 - Teemu Hartikainen (Syr)
2 - Iven Barbashev (Wil)
3 - William Nylander (Wil)
Power Play
Crunch - 3 on 6 Attempt(s) - 50.00%
Penguins - 5 on 9 Attempt(s) - 55.56%
Penalty Kill
Crunch - 4 on 9 Attempt(s) - 44.44%
- Score 1 goal in Penalty Kill
Penguins - 3 on 6 Attempt(s) - 50.00%
- Score 0 goal in Penalty Kill
Team Stat
Crunch - Hits : 15 - Faceoff Wins : 46 - Blocked Shots : 16 - Penalty Minutes : 18
Penguins - Hits : 20 - Faceoff Wins : 37 - Blocked Shots : 6 - Penalty Minutes : 12
Official
Referees : Kyle Rehman and Kelly Sutherland
Linesman : Steve Miller and Brian Mach
Game Notes
Anthony Stolarz enters game at 13:39 of 1st period
15:36 of 3rd period - Crunch goal is going for a video replay. After video review, Goal.
Finance
Level 1 -- Attendance: 1833 (91.65%) -- Ticket Income $64,155
Level 2 -- Attendance: 968 (96.80%) -- Ticket Income $14,520
Total Attendance: 2801 (93.37%)
Total Ticket Income: $78,675
Other Income: $3,934
Total Income: $82,609
Crunch
5 vs 5 Forward
Center Left Wing Right Wing Time % Phy DF OF
1 Jayson Megna Teemu Hartikainen Brock Boeser 40 1 2 2
2 Dylan Strome Michael Ferland Anthony Cirelli 30 1 2 2
3 Connor Bunnaman Dalton Smith Denis Gurianov 20 1 2 2
4 Teemu Hartikainen Anatoli Golyshev Mitch Callahan 10 1 2 2
5 vs 5 Defense
Defense Defense Time % Phy DF OF
1 Roman Josi Jordan Oesterle 40 1 2 2
2 Noah Hanifin Matt Roy 30 1 2 2
3 Charles-Olivier Roussel Sean Walker 20 1 2 2
4 Jeremy Lauzon Jacob Larsson 10 1 2 2
PowerPlay Forward
Center Left Wing Right Wing Time % Phy DF OF
1 Jayson Megna Teemu Hartikainen Brock Boeser 60 1 2 2
2 Dylan Strome Michael Ferland Anthony Cirelli 40 1 2 2
PowerPlay Defense
Defense Defense Time % Phy DF OF
1 Roman Josi Jordan Oesterle 60 1 2 2
2 Noah Hanifin Matt Roy 40 1 2 2
Penalty Kill 4 Players Forward
Center Wing Time % Phy DF OF
1 Teemu Hartikainen Brock Boeser 60 1 2 2
2 Jayson Megna Anthony Cirelli 40 1 2 2
Penalty Kill 4 Players Defense
Defense Defense Time % Phy DF OF
1 Roman Josi Jordan Oesterle 60 1 2 2
2 Noah Hanifin Matt Roy 40 1 2 2
Penalty Kill - 3 Players Forward
Forward Time % Phy DF OF
1 Teemu Hartikainen 60 1 2 2
2 Brock Boeser 40 1 2 2
Penalty Kill - 3 Players Defense
Defense Defense Time % Phy DF OF
1 Roman Josi Jordan Oesterle 60 1 2 2
2 Noah Hanifin Matt Roy 40 1 2 2
4 vs 4 Forward
Center Wing Time % Phy DF OF
1 Teemu Hartikainen Brock Boeser 60 1 2 2
2 Jayson Megna Anthony Cirelli 40 1 2 2
4 vs 4 Defense
Defense Defense Time % Phy DF OF
1 Roman Josi Jordan Oesterle 60 1 2 2
2 Noah Hanifin Matt Roy 40 1 2 2
Last Minutes Offensive
Center Left Wing Right Wing Defense Defense
Jayson Megna Teemu Hartikainen Brock Boeser Roman Josi Jordan Oesterle
Last Minutes Defensive
Center Left Wing Right Wing Defense Defense
Jayson Megna Teemu Hartikainen Brock Boeser Roman Josi Jordan Oesterle
Goaltenders
Starting : Josef Korenar
Backup : Kaapo Kahkonen
Extra Forwards
Normal : Jared Staal, Max McCormick, Pierre-Luc Dubois - PP : Jared Staal, Max McCormick - PK : Pierre-Luc Dubois
Extra Defensemen
Normal : Michael Downing, Kyle Capobianco, Charles-Olivier Roussel - PP : Michael Downing - PK : Kyle Capobianco, Charles-Olivier Roussel
Penalty Shots
Teemu Hartikainen, Brock Boeser, Jayson Megna, Anthony Cirelli, Michael Ferland
Scratches
Christoffer Ehn (Bruised Right Shoulder Injury)
Penguins
5 vs 5 Forward
Center Left Wing Right Wing Time % Phy DF OF
1 Cedric Paquette William Nylander Iven Barbashev 40 1 2 2
2 Frederick Gaudreau Kyle Connor Anthony Beauvillier 30 1 2 2
3 Adam Brooks Curtis Hamilton Max Gortz 20 1 2 2
4 Denis Malgin Juuso Ikonen Sam Kurker 10 1 2 2
5 vs 5 Defense
Defense Defense Time % Phy DF OF
1 Christopher Tanev Andrew O'Brien 40 1 2 2
2 Dakota Mermis Danny Biega 30 1 2 2
3 Gavin Bayreuther John Marino 20 1 2 2
4 Christopher Tanev Andrew O'Brien 10 1 2 2
PowerPlay Forward
Center Left Wing Right Wing Time % Phy DF OF
1 Cedric Paquette William Nylander Iven Barbashev 60 1 2 2
2 Frederick Gaudreau Kyle Connor Anthony Beauvillier 40 1 2 2
PowerPlay Defense
Defense Defense Time % Phy DF OF
1 Christopher Tanev Andrew O'Brien 60 1 2 2
2 Dakota Mermis Danny Biega 40 1 2 2
Penalty Kill 4 Players Forward
Center Wing Time % Phy DF OF
1 Cedric Paquette William Nylander 60 1 2 2
2 Frederick Gaudreau Kyle Connor 40 1 2 2
Penalty Kill 4 Players Defense
Defense Defense Time % Phy DF OF
1 Christopher Tanev Andrew O'Brien 60 1 2 2
2 Dakota Mermis Danny Biega 40 1 2 2
Penalty Kill - 3 Players Forward
Forward Time % Phy DF OF
1 Cedric Paquette 60 1 2 2
2 Frederick Gaudreau 40 1 2 2
Penalty Kill - 3 Players Defense
Defense Defense Time % Phy DF OF
1 Christopher Tanev Andrew O'Brien 60 1 2 2
2 Dakota Mermis Danny Biega 40 1 2 2
4 vs 4 Forward
Center Wing Time % Phy DF OF
1 Cedric Paquette William Nylander 60 1 2 2
2 Frederick Gaudreau Kyle Connor 40 1 2 2
4 vs 4 Defense
Defense Defense Time % Phy DF OF
1 Christopher Tanev Andrew O'Brien 60 1 2 2
2 Dakota Mermis Danny Biega 40 1 2 2
Last Minutes Offensive
Center Left Wing Right Wing Defense Defense
Cedric Paquette William Nylander Iven Barbashev Christopher Tanev Andrew O'Brien
Last Minutes Defensive
Center Left Wing Right Wing Defense Defense
Cedric Paquette William Nylander Iven Barbashev Christopher Tanev Andrew O'Brien
Goaltenders
Starting : Connor Hellebyuk
Backup : Anthony Stolarz
Extra Forwards
Normal : Kyle Connor, Anthony Beauvillier, Max Gortz - PP : Kyle Connor, Anthony Beauvillier - PK : Kyle Connor
Extra Defensemen
Normal : Danny Biega, Gavin Bayreuther, John Marino - PP : Danny Biega - PK : Danny Biega, Gavin Bayreuther
Penalty Shots
William Nylander, Cedric Paquette, Frederick Gaudreau, Iven Barbashev, Kyle Connor
Scratches
Brett Pollock (Healthy), Josh Ho-Sang (Healthy), Josh Jooris (Healthy), Matthew Finn (Healthy), Raphael Bussieres (Healthy)
Steven Spinner (Healthy)
% Time on Ice - Crunch
Lines # - Real PCT - Wanted PCT - Time Play
Normal Forward
1 - 31% - 40% - 12:57
2 - 31% - 30% - 12:49
3 - 28% - 20% - 11:45
4 - 11% - 10% - 4:25
Normal Defense
1 - 37% - 40% - 15:26
2 - 36% - 30% - 14:54
3 - 19% - 20% - 8:09
4 - 8% - 10% - 3:27
PP Forward
1 - 56% - 60% - 4:04
2 - 44% - 40% - 3:14
PP Defense
1 - 54% - 60% - 3:55
2 - 46% - 40% - 3:23
PK Forward
1 - 72% - 60% - 7:39
2 - 28% - 40% - 2:55
PK Defense
1 - 70% - 60% - 7:21
2 - 30% - 40% - 3:13
PK3 Forward
1 - 0% - 60%
2 - 0% - 40%
PK3 Defense
1 - 0% - 60%
2 - 0% - 40%
44 Forward
1 - 0% - 60%
2 - 0% - 40%
44 Defense
1 - 0% - 60%
2 - 0% - 40%
Last Minute Offensive - 0:00
Last Minute Defensive - 0:12
Total
Forward - 60:00
Defense - 60:00
|
% Time on Ice - Penguins
Lines # - Real PCT - Wanted PCT - Time Play
Normal Forward
1 - 38% - 40% - 15:50
2 - 24% - 30% - 10:12
3 - 22% - 20% - 9:07
4 - 16% - 10% - 6:44
Normal Defense
1 - 44% - 40% - 18:28
2 - 32% - 30% - 13:20
3 - 22% - 20% - 9:05
4 - 2% - 10% - 1:00
PP Forward
1 - 59% - 60% - 6:17
2 - 41% - 40% - 4:17
PP Defense
1 - 68% - 60% - 7:08
2 - 32% - 40% - 3:26
PK Forward
1 - 85% - 60% - 6:14
2 - 15% - 40% - 1:04
PK Defense
1 - 62% - 60% - 4:30
2 - 38% - 40% - 2:48
PK3 Forward
1 - 0% - 60%
2 - 0% - 40%
PK3 Defense
1 - 0% - 60%
2 - 0% - 40%
44 Forward
1 - 0% - 60%
2 - 0% - 40%
44 Defense
1 - 0% - 60%
2 - 0% - 40%
Last Minute Offensive - 0:15
Last Minute Defensive - 0:00
Total
Forward - 60:00
Defense - 60:00
|
Play-by-Play
1st period
0:01 of 1st period - Jayson Megna wins face-off versus Cedric Paquette in neutral zone.
0:14 of 1st period - Teemu Hartikainen is hit by Andrew O'Brien and loses puck.
0:25 of 1st period - Anthony Cirelli is hit by Christopher Tanev and loses puck.
1:36 of 1st period - Snap shot by Kyle Connor.
1:36 of 1st period - Shot Misses the Net.
1:38 of 1st period - Slapshot by Frederick Gaudreau.
1:38 of 1st period - Shot Blocked by Noah Hanifin.
1:40 of 1st period - Slapshot by Gavin Bayreuther.
1:40 of 1st period - Stopped by Josef Korenar with a rebound.
1:42 of 1st period - Slapshot by Gavin Bayreuther.
1:42 of 1st period - Shot Misses the Net.
2:05 of 1st period - Icing by Brock Boeser.
2:06 of 1st period - Jayson Megna wins face-off versus Kyle Connor in Crunch zone.
2:06 of 1st period - Jayson Megna is hit by Kyle Connor.
2:14 of 1st period - Wrist shot by Teemu Hartikainen.
2:14 of 1st period - Stopped by Connor Hellebyuk with a rebound.
2:44 of 1st period - Snap shot by Dylan Strome.
2:44 of 1st period - Stopped by Connor Hellebyuk without a rebound.
2:45 of 1st period - Connor Bunnaman wins face-off versus Adam Brooks in Penguins zone.
2:46 of 1st period - Wrist shot by Denis Gurianov.
2:46 of 1st period - Goal by Denis Gurianov - Crunch : 1 - Penguins : 0.
2:47 of 1st period - Iven Barbashev wins face-off versus Connor Bunnaman in neutral zone.
2:59 of 1st period - Icing by Charles-Olivier Roussel.
3:00 of 1st period - Connor Bunnaman wins face-off versus Adam Brooks in Crunch zone.
3:31 of 1st period - Slapshot by Teemu Hartikainen.
3:31 of 1st period - Stopped by Connor Hellebyuk without a rebound.
3:32 of 1st period - Jayson Megna wins face-off versus Frederick Gaudreau in Penguins zone.
3:33 of 1st period - Snap shot by Teemu Hartikainen.
3:33 of 1st period - Stopped by Connor Hellebyuk without a rebound.
3:34 of 1st period - Frederick Gaudreau wins face-off versus Dylan Strome in Penguins zone.
3:34 of 1st period - Frederick Gaudreau is hit by Michael Ferland.
4:10 of 1st period - Snap shot by Brock Boeser.
4:10 of 1st period - Shot Misses the Net.
4:44 of 1st period - Curtis Hamilton is hit by Mitch Callahan and loses puck.
4:56 of 1st period - Icing by Dakota Mermis.
4:57 of 1st period - Dylan Strome wins face-off versus Adam Brooks in Penguins zone.
5:51 of 1st period - Snap shot by Iven Barbashev.
5:51 of 1st period - Stopped by Josef Korenar with a rebound.
5:53 of 1st period - Slapshot by Danny Biega.
5:53 of 1st period - Shot Blocked by Connor Bunnaman.
5:55 of 1st period - Backhand shot by Iven Barbashev.
5:55 of 1st period - Stopped by Josef Korenar with a rebound.
5:57 of 1st period - Slapshot by Dakota Mermis.
5:57 of 1st period - Deflect By Jordan Oesterle.
5:57 of 1st period - Stopped by Josef Korenar with a rebound.
5:59 of 1st period - Wrist shot by William Nylander.
5:59 of 1st period - Shot Blocked by Connor Bunnaman.
6:01 of 1st period - Snap shot by Danny Biega.
6:01 of 1st period - Shot Blocked by Dalton Smith.
6:03 of 1st period - Wrist shot by William Nylander.
6:03 of 1st period - Shot Misses the Net.
6:13 of 1st period - Slapshot by William Nylander.
6:13 of 1st period - Shot Misses the Net.
6:15 of 1st period - Slapshot by Iven Barbashev.
6:15 of 1st period - Stopped by Josef Korenar with a rebound.
6:21 of 1st period - Snap shot by William Nylander.
6:21 of 1st period - Shot Misses the Net.
6:29 of 1st period - Wrist shot by William Nylander.
6:29 of 1st period - Stopped by Josef Korenar without a rebound.
6:30 of 1st period - Jayson Megna wins face-off versus Frederick Gaudreau in Crunch zone.
6:32 of 1st period - Minor Penalty to Brock Boeser for Goalie Interference.
6:33 of 1st period - Frederick Gaudreau wins face-off versus Teemu Hartikainen in Crunch zone.
7:47 of 1st period - Slapshot by Roman Josi.
7:47 of 1st period - Stopped by Connor Hellebyuk without a rebound.
7:48 of 1st period - Jayson Megna wins face-off versus Frederick Gaudreau in Penguins zone.
7:49 of 1st period - Snap shot by Anthony Cirelli.
7:49 of 1st period - Stopped by Connor Hellebyuk with a rebound.
7:51 of 1st period - Snap shot by Anthony Cirelli.
7:51 of 1st period - Deflect By Jayson Megna.
7:51 of 1st period - Shot Misses the Net.
7:51 of 1st period - Puck is out of play.
7:52 of 1st period - William Nylander wins face-off versus Teemu Hartikainen in Penguins zone.
8:21 of 1st period - Wrist shot by Teemu Hartikainen.
8:21 of 1st period - Stopped by Connor Hellebyuk without a rebound.
8:22 of 1st period - Iven Barbashev wins face-off versus Jayson Megna in Penguins zone.
8:32 of 1st period - Penalty to Brock Boeser is over, Brock Boeser is back on ice.
8:58 of 1st period - Minor Penalty to Matt Roy for Hooking.
8:59 of 1st period - Teemu Hartikainen wins face-off versus Cedric Paquette in Crunch zone.
9:31 of 1st period - Wrist shot by Anthony Beauvillier.
9:31 of 1st period - Shot Misses the Net.
9:33 of 1st period - Wrist shot by Dakota Mermis.
9:33 of 1st period - Stopped by Josef Korenar without a rebound.
9:34 of 1st period - Teemu Hartikainen wins face-off versus Cedric Paquette in Crunch zone.
9:43 of 1st period - Slapshot by Cedric Paquette.
9:43 of 1st period - Shot Misses the Net.
9:45 of 1st period - Slapshot by Andrew O'Brien.
9:45 of 1st period - Goal by Andrew O'Brien - Crunch : 1 - Penguins : 1.
9:46 of 1st period - Jayson Megna wins face-off versus Frederick Gaudreau in neutral zone.
9:55 of 1st period - Backhand shot by Kyle Connor.
9:55 of 1st period - Deflect By Anthony Beauvillier.
9:55 of 1st period - Shot Misses the Net.
9:55 of 1st period - Puck is out of play.
9:56 of 1st period - Jayson Megna wins face-off versus Frederick Gaudreau in Crunch zone.
10:07 of 1st period - Slapshot by Teemu Hartikainen.
10:07 of 1st period - Shot Blocked by Christopher Tanev.
10:11 of 1st period - Snap shot by Brock Boeser.
10:11 of 1st period - Shot Blocked by Andrew O'Brien.
10:13 of 1st period - Snap shot by Jayson Megna.
10:13 of 1st period - Goal by Jayson Megna - Crunch : 2 - Penguins : 1.
10:14 of 1st period - Jayson Megna wins face-off versus Cedric Paquette in neutral zone.
10:17 of 1st period - Cedric Paquette is hit by Jayson Megna and loses puck.
10:40 of 1st period - Anthony Beauvillier is hit by Matt Roy and loses puck.
11:05 of 1st period - Wrist shot by Max Gortz.
11:05 of 1st period - Stopped by Josef Korenar with a rebound.
11:07 of 1st period - Slapshot by Max Gortz.
11:07 of 1st period - Stopped by Josef Korenar with a rebound.
11:09 of 1st period - Slapshot by Christopher Tanev.
11:09 of 1st period - Stopped by Josef Korenar with a rebound.
11:39 of 1st period - Minor Penalty to Denis Malgin for Roughing.
11:40 of 1st period - Jayson Megna wins face-off versus Cedric Paquette in Penguins zone.
11:49 of 1st period - Wrist shot by Teemu Hartikainen.
11:49 of 1st period - Deflect By Brock Boeser.
11:49 of 1st period - Stopped by Connor Hellebyuk without a rebound.
11:50 of 1st period - Jayson Megna wins face-off versus Cedric Paquette in Penguins zone.
11:51 of 1st period - Slapshot by Teemu Hartikainen.
11:51 of 1st period - Stopped by Connor Hellebyuk with a rebound.
11:53 of 1st period - Snap shot by Brock Boeser.
11:53 of 1st period - Shot Blocked by Danny Biega.
12:21 of 1st period - Wrist shot by Dylan Strome.
12:21 of 1st period - Shot Misses the Net.
12:23 of 1st period - Snap shot by Anthony Cirelli.
12:23 of 1st period - Deflect By Dylan Strome.
12:23 of 1st period - Goal by Dylan Strome - Crunch : 3 - Penguins : 1.
12:24 of 1st period - Jayson Megna wins face-off versus Frederick Gaudreau in neutral zone.
13:11 of 1st period - Slapshot by Roman Josi.
13:11 of 1st period - Stopped by Connor Hellebyuk with a rebound.
13:33 of 1st period - Snap shot by Sam Kurker.
13:33 of 1st period - Shot Misses the Net.
13:39 of 1st period - Wrist shot by Jayson Megna.
13:39 of 1st period - Goal by Jayson Megna - Crunch : 4 - Penguins : 1.
13:39 of 1st period - Anthony Stolarz enters game.
13:40 of 1st period - Jayson Megna wins face-off versus Cedric Paquette in neutral zone.
13:55 of 1st period - Snap shot by Cedric Paquette.
13:55 of 1st period - Deflect By William Nylander.
13:55 of 1st period - Shot Blocked by Noah Hanifin.
13:55 of 1st period - Puck is out of play.
13:56 of 1st period - Frederick Gaudreau wins face-off versus Michael Ferland in Crunch zone.
14:16 of 1st period - Minor Penalty to Dylan Strome for Hooking.
14:17 of 1st period - Cedric Paquette wins face-off versus Teemu Hartikainen in Crunch zone.
14:26 of 1st period - Icing by Andrew O'Brien.
14:27 of 1st period - Cedric Paquette wins face-off versus Brock Boeser in Penguins zone.
14:52 of 1st period - Wrist shot by Iven Barbashev.
14:52 of 1st period - Goal by Iven Barbashev - Crunch : 4 - Penguins : 2.
14:53 of 1st period - Jayson Megna wins face-off versus Cedric Paquette in neutral zone.
14:53 of 1st period - Roman Josi is hit by Iven Barbashev and loses puck.
15:09 of 1st period - Minor Penalty to Cedric Paquette for Interference.
15:10 of 1st period - Jayson Megna wins face-off versus Kyle Connor in Penguins zone.
15:42 of 1st period - Snap shot by Anthony Cirelli.
15:42 of 1st period - Stopped by Anthony Stolarz without a rebound.
15:43 of 1st period - Denis Malgin wins face-off versus Dylan Strome in Penguins zone.
15:51 of 1st period - Off-side.
15:52 of 1st period - Jayson Megna wins face-off versus Denis Malgin in neutral zone.
17:09 of 1st period - Penalty to Cedric Paquette is over, Cedric Paquette is back on ice.
17:46 of 1st period - Gavin Bayreuther is hit by Matt Roy and loses puck.
18:03 of 1st period - Slapshot by Denis Malgin.
18:03 of 1st period - Stopped by Josef Korenar without a rebound.
18:04 of 1st period - Denis Malgin wins face-off versus Dylan Strome in Crunch zone.
18:11 of 1st period - Michael Ferland is hit by Denis Malgin and loses puck.
18:37 of 1st period - Kyle Connor is hit by Dalton Smith and loses puck.
19:52 of 1st period - Sean Walker is hit by John Marino.
Goals for this period are 4 for Crunch vs 2 for Penguins.
Shots for this period are 15 for Crunch vs 13 for Penguins.
2nd period
0:01 of 2nd period - Cedric Paquette wins face-off versus Jayson Megna in neutral zone.
0:16 of 2nd period - Snap shot by William Nylander.
0:16 of 2nd period - Stopped by Josef Korenar with a rebound.
0:26 of 2nd period - Michael Ferland is hit by Andrew O'Brien and loses puck.
0:31 of 2nd period - Wrist shot by Frederick Gaudreau.
0:31 of 2nd period - Stopped by Josef Korenar with a rebound.
0:52 of 2nd period - Roman Josi is hit by Danny Biega.
1:58 of 2nd period - Wrist shot by Kyle Connor.
1:58 of 2nd period - Shot Misses the Net.
2:11 of 2nd period - Minor Penalty to Adam Brooks for Slashing.
2:12 of 2nd period - Teemu Hartikainen wins face-off versus Cedric Paquette in Penguins zone.
2:58 of 2nd period - William Nylander is hit by Teemu Hartikainen and loses puck.
4:11 of 2nd period - Penalty to Adam Brooks is over, Adam Brooks is back on ice.
5:05 of 2nd period - Charles-Olivier Roussel is hit by Christopher Tanev and loses puck.
5:18 of 2nd period - Dalton Smith is hit by Denis Malgin and loses puck.
5:34 of 2nd period - Snap shot by Teemu Hartikainen.
5:34 of 2nd period - Stopped by Anthony Stolarz without a rebound.
5:35 of 2nd period - Jayson Megna wins face-off versus Cedric Paquette in Penguins zone.
6:00 of 2nd period - Adam Brooks is hit by Dylan Strome and loses puck.
6:21 of 2nd period - Wrist shot by Anthony Beauvillier.
6:21 of 2nd period - Stopped by Josef Korenar with a rebound.
6:23 of 2nd period - Wrist shot by Anthony Beauvillier.
6:23 of 2nd period - Shot Misses the Net.
6:25 of 2nd period - Snap shot by Anthony Beauvillier.
6:25 of 2nd period - Shot Blocked by Noah Hanifin.
6:39 of 2nd period - Icing by Andrew O'Brien.
6:40 of 2nd period - Jayson Megna wins face-off versus Denis Malgin in Penguins zone.
6:41 of 2nd period - Wrist shot by Brock Boeser.
6:41 of 2nd period - Shot Misses the Net.
7:12 of 2nd period - Icing by Christopher Tanev.
7:13 of 2nd period - Denis Malgin wins face-off versus Dylan Strome in Penguins zone.
7:22 of 2nd period - Slapshot by Christopher Tanev.
7:22 of 2nd period - Shot Misses the Net.
7:24 of 2nd period - Slapshot by Christopher Tanev.
7:24 of 2nd period - Stopped by Josef Korenar with a rebound.
7:26 of 2nd period - Slapshot by Christopher Tanev.
7:26 of 2nd period - Stopped by Josef Korenar without a rebound.
7:27 of 2nd period - Cedric Paquette wins face-off versus Dylan Strome in Crunch zone.
7:52 of 2nd period - John Marino is hit by Jordan Oesterle and loses puck.
8:03 of 2nd period - Dalton Smith is hit by Iven Barbashev and loses puck.
8:26 of 2nd period - Teemu Hartikainen is hit by Andrew O'Brien.
8:36 of 2nd period - Wrist shot by William Nylander.
8:36 of 2nd period - Shot Misses the Net.
9:29 of 2nd period - Slapshot by William Nylander.
9:29 of 2nd period - Shot Misses the Net.
9:31 of 2nd period - Backhand shot by Iven Barbashev.
9:31 of 2nd period - Shot Blocked by Brock Boeser.
9:35 of 2nd period - Snap shot by Iven Barbashev.
9:35 of 2nd period - Deflect By Cedric Paquette.
9:35 of 2nd period - Shot Misses the Net.
9:35 of 2nd period - Puck is out of play.
9:36 of 2nd period - Dylan Strome wins face-off versus Frederick Gaudreau in Crunch zone.
9:49 of 2nd period - Snap shot by Michael Ferland.
9:49 of 2nd period - Stopped by Anthony Stolarz without a rebound.
9:50 of 2nd period - Jayson Megna wins face-off versus Frederick Gaudreau in Penguins zone.
9:51 of 2nd period - Slapshot by Teemu Hartikainen.
9:51 of 2nd period - Stopped by Anthony Stolarz without a rebound.
9:52 of 2nd period - Jayson Megna wins face-off versus Frederick Gaudreau in Penguins zone.
9:53 of 2nd period - Slapshot by Brock Boeser.
9:53 of 2nd period - Stopped by Anthony Stolarz without a rebound.
9:54 of 2nd period - Frederick Gaudreau wins face-off versus Jayson Megna in Penguins zone.
10:29 of 2nd period - Slapshot by Dylan Strome.
10:29 of 2nd period - Shot Misses the Net.
10:46 of 2nd period - Icing by Denis Gurianov.
10:47 of 2nd period - Frederick Gaudreau wins face-off versus Connor Bunnaman in Crunch zone.
10:48 of 2nd period - Snap shot by Anthony Beauvillier.
10:48 of 2nd period - Goal by Anthony Beauvillier - Crunch : 4 - Penguins : 3.
10:49 of 2nd period - Frederick Gaudreau wins face-off versus Jayson Megna in neutral zone.
10:52 of 2nd period - Slapshot by Christopher Tanev.
10:52 of 2nd period - Shot Blocked by Jordan Oesterle.
10:54 of 2nd period - Minor Penalty to Jayson Megna for Hooking.
10:55 of 2nd period - Cedric Paquette wins face-off versus Teemu Hartikainen in Crunch zone.
10:56 of 2nd period - Snap shot by William Nylander.
10:56 of 2nd period - Stopped by Josef Korenar with a rebound.
10:58 of 2nd period - Snap shot by William Nylander.
10:58 of 2nd period - Stopped by Josef Korenar with a rebound.
11:00 of 2nd period - Snap shot by William Nylander.
11:00 of 2nd period - Shot Misses the Net.
11:02 of 2nd period - Snap shot by Iven Barbashev.
11:02 of 2nd period - Stopped by Josef Korenar with a rebound.
11:04 of 2nd period - Snap shot by Iven Barbashev.
11:04 of 2nd period - Deflect By Cedric Paquette.
11:04 of 2nd period - Stopped by Josef Korenar without a rebound.
11:05 of 2nd period - Cedric Paquette wins face-off versus Teemu Hartikainen in Crunch zone.
11:06 of 2nd period - Snap shot by Iven Barbashev.
11:06 of 2nd period - Shot Blocked by Teemu Hartikainen.
11:08 of 2nd period - Slapshot by Andrew O'Brien.
11:08 of 2nd period - Deflect By William Nylander.
11:08 of 2nd period - Shot Misses the Net.
11:08 of 2nd period - Puck is out of play.
11:09 of 2nd period - Cedric Paquette wins face-off versus Teemu Hartikainen in Crunch zone.
11:43 of 2nd period - Wrist shot by Kyle Connor.
11:43 of 2nd period - Shot Blocked by Noah Hanifin.
11:49 of 2nd period - Noah Hanifin is hit by Kyle Connor and loses puck.
12:24 of 2nd period - Wrist shot by William Nylander.
12:24 of 2nd period - Shot Misses the Net.
12:54 of 2nd period - Penalty to Jayson Megna is over, Jayson Megna is back on ice.
13:06 of 2nd period - Wrist shot by Dalton Smith.
13:06 of 2nd period - Shot Blocked by Danny Biega.
13:12 of 2nd period - Slapshot by Max Gortz.
13:12 of 2nd period - Shot Blocked by Dalton Smith.
13:14 of 2nd period - Snap shot by Danny Biega.
13:14 of 2nd period - Stopped by Josef Korenar without a rebound.
13:15 of 2nd period - Connor Bunnaman wins face-off versus Denis Malgin in Crunch zone.
13:15 of 2nd period - Connor Bunnaman is hit by Sam Kurker.
13:41 of 2nd period - Snap shot by Frederick Gaudreau.
13:41 of 2nd period - Shot Misses the Net.
13:59 of 2nd period - Minor Penalty to Dalton Smith for High sticking.
14:00 of 2nd period - Cedric Paquette wins face-off versus Teemu Hartikainen in Crunch zone.
14:15 of 2nd period - Wrist shot by Iven Barbashev.
14:15 of 2nd period - Shot Misses the Net.
15:03 of 2nd period - Snap shot by Noah Hanifin.
15:03 of 2nd period - Shot Blocked by Danny Biega.
15:59 of 2nd period - Penalty to Dalton Smith is over, Dalton Smith is back on ice.
16:16 of 2nd period - Snap shot by Max Gortz.
16:16 of 2nd period - Shot Blocked by Jacob Larsson.
17:11 of 2nd period - Snap shot by Juuso Ikonen.
17:11 of 2nd period - Deflect By Sam Kurker.
17:11 of 2nd period - Shot Misses the Net.
17:11 of 2nd period - Puck is out of play.
17:12 of 2nd period - Dylan Strome wins face-off versus Frederick Gaudreau in Crunch zone.
17:12 of 2nd period - Dylan Strome is hit by Andrew O'Brien.
17:20 of 2nd period - Backhand shot by Anthony Beauvillier.
17:20 of 2nd period - Stopped by Josef Korenar with a rebound.
17:22 of 2nd period - Wrist shot by Kyle Connor.
17:22 of 2nd period - Shot Misses the Net.
17:24 of 2nd period - Slapshot by Christopher Tanev.
17:24 of 2nd period - Stopped by Josef Korenar with a rebound.
17:34 of 2nd period - Minor Penalty to Jordan Oesterle for Hooking.
17:35 of 2nd period - Cedric Paquette wins face-off versus Teemu Hartikainen in Crunch zone.
17:38 of 2nd period - Snap shot by Iven Barbashev.
17:38 of 2nd period - Deflect By Cedric Paquette.
17:38 of 2nd period - Shot Misses the Net.
17:38 of 2nd period - Puck is out of play.
17:39 of 2nd period - Cedric Paquette wins face-off versus Teemu Hartikainen in Crunch zone.
17:44 of 2nd period - Slapshot by Cedric Paquette.
17:44 of 2nd period - Goal by Cedric Paquette - Crunch : 4 - Penguins : 4.
17:45 of 2nd period - Cedric Paquette wins face-off versus Jayson Megna in neutral zone.
17:56 of 2nd period - Snap shot by Teemu Hartikainen.
17:56 of 2nd period - Goal by Teemu Hartikainen - Crunch : 5 - Penguins : 4.
17:57 of 2nd period - Jayson Megna wins face-off versus Cedric Paquette in neutral zone.
18:08 of 2nd period - Snap shot by Cedric Paquette.
18:08 of 2nd period - Shot Blocked by Roman Josi.
18:12 of 2nd period - Snap shot by Cedric Paquette.
18:12 of 2nd period - Shot Misses the Net.
18:22 of 2nd period - Roman Josi is hit by Christopher Tanev and loses puck.
19:21 of 2nd period - Slapshot by Juuso Ikonen.
19:21 of 2nd period - Stopped by Josef Korenar with a rebound.
19:23 of 2nd period - Slapshot by Juuso Ikonen.
19:23 of 2nd period - Shot Misses the Net.
19:25 of 2nd period - Backhand shot by Juuso Ikonen.
19:25 of 2nd period - Shot Blocked by Teemu Hartikainen.
19:27 of 2nd period - Slapshot by Gavin Bayreuther.
19:27 of 2nd period - Shot Misses the Net.
19:29 of 2nd period - Slapshot by Gavin Bayreuther.
19:29 of 2nd period - Stopped by Josef Korenar with a rebound.
19:31 of 2nd period - Backhand shot by Denis Malgin.
19:31 of 2nd period - Shot Misses the Net.
19:43 of 2nd period - Snap shot by Dylan Strome.
19:43 of 2nd period - Shot Misses the Net.
19:45 of 2nd period - Wrist shot by Dylan Strome.
19:45 of 2nd period - Deflect By Michael Ferland.
19:45 of 2nd period - Stopped by Anthony Stolarz with a rebound.
19:47 of 2nd period - Snap shot by Dylan Strome.
19:47 of 2nd period - Deflect By Anthony Cirelli.
19:47 of 2nd period - Stopped by Anthony Stolarz with a rebound.
19:49 of 2nd period - Wrist shot by Michael Ferland.
19:49 of 2nd period - Shot Misses the Net.
Goals for this period are 1 for Crunch vs 2 for Penguins.
Shots for this period are 7 for Crunch vs 16 for Penguins.
3rd period
0:01 of 3rd period - Cedric Paquette wins face-off versus Jayson Megna in neutral zone.
0:17 of 3rd period - Minor Penalty to William Nylander for Tripping.
0:18 of 3rd period - Cedric Paquette wins face-off versus Jayson Megna in Penguins zone.
0:24 of 3rd period - Snap shot by Teemu Hartikainen.
0:24 of 3rd period - Shot Misses the Net.
0:26 of 3rd period - Snap shot by Teemu Hartikainen.
0:26 of 3rd period - Goal by Teemu Hartikainen - Crunch : 6 - Penguins : 4.
0:27 of 3rd period - Cedric Paquette wins face-off versus Jayson Megna in neutral zone.
0:36 of 3rd period - Snap shot by William Nylander.
0:36 of 3rd period - Goal by William Nylander - Crunch : 6 - Penguins : 5.
0:37 of 3rd period - Cedric Paquette wins face-off versus Jayson Megna in neutral zone.
0:46 of 3rd period - Wrist shot by William Nylander.
0:46 of 3rd period - Deflect By Iven Barbashev.
0:46 of 3rd period - Stopped by Josef Korenar with a rebound.
0:48 of 3rd period - Minor Penalty to Jayson Megna for Slashing.
0:49 of 3rd period - Cedric Paquette wins face-off versus Teemu Hartikainen in Crunch zone.
1:02 of 3rd period - Snap shot by Iven Barbashev.
1:02 of 3rd period - Stopped by Josef Korenar with a rebound.
1:04 of 3rd period - Wrist shot by Cedric Paquette.
1:04 of 3rd period - Goal by Cedric Paquette - Crunch : 6 - Penguins : 6.
1:05 of 3rd period - Jayson Megna wins face-off versus Cedric Paquette in neutral zone.
1:05 of 3rd period - Jayson Megna is hit by William Nylander.
1:20 of 3rd period - Minor Penalty to Cedric Paquette for Diving.
1:21 of 3rd period - Jayson Megna wins face-off versus Kyle Connor in Penguins zone.
1:23 of 3rd period - Snap shot by Teemu Hartikainen.
1:23 of 3rd period - Shot Misses the Net.
1:25 of 3rd period - Snap shot by Teemu Hartikainen.
1:25 of 3rd period - Stopped by Anthony Stolarz with a rebound.
1:27 of 3rd period - Slapshot by Roman Josi.
1:27 of 3rd period - Stopped by Anthony Stolarz with a rebound.
3:11 of 3rd period - Andrew O'Brien is hit by Anthony Cirelli and loses puck.
3:20 of 3rd period - Penalty to Cedric Paquette is over, Cedric Paquette is back on ice.
4:03 of 3rd period - Minor Penalty to Mitch Callahan for Holding.
4:04 of 3rd period - Teemu Hartikainen wins face-off versus Cedric Paquette in Crunch zone.
4:29 of 3rd period - Roman Josi is hit by Dakota Mermis and loses puck.
4:48 of 3rd period - Frederick Gaudreau is hit by Noah Hanifin and loses puck.
4:55 of 3rd period - Wrist shot by Jayson Megna.
4:55 of 3rd period - Deflect By Anthony Cirelli.
4:55 of 3rd period - Shot Misses the Net.
4:55 of 3rd period - Puck is out of play.
4:56 of 3rd period - Cedric Paquette wins face-off versus Teemu Hartikainen in Penguins zone.
6:03 of 3rd period - Penalty to Mitch Callahan is over, Mitch Callahan is back on ice.
6:36 of 3rd period - Snap shot by Curtis Hamilton.
6:36 of 3rd period - Deflect By Max Gortz.
6:36 of 3rd period - Stopped by Josef Korenar without a rebound.
6:37 of 3rd period - Dylan Strome wins face-off versus Adam Brooks in Crunch zone.
8:13 of 3rd period - Slapshot by Andrew O'Brien.
8:13 of 3rd period - Goal by Andrew O'Brien - Crunch : 6 - Penguins : 7.
8:14 of 3rd period - Dylan Strome wins face-off versus Cedric Paquette in neutral zone.
9:58 of 3rd period - Wrist shot by Cedric Paquette.
9:58 of 3rd period - Shot Misses the Net.
10:00 of 3rd period - Slapshot by Cedric Paquette.
10:00 of 3rd period - Shot Blocked by Teemu Hartikainen.
10:02 of 3rd period - Slapshot by Iven Barbashev.
10:02 of 3rd period - Shot Misses the Net.
10:04 of 3rd period - Slapshot by Iven Barbashev.
10:04 of 3rd period - Shot Misses the Net.
10:24 of 3rd period - Wrist shot by Dalton Smith.
10:24 of 3rd period - Goal by Dalton Smith - Crunch : 7 - Penguins : 7.
10:25 of 3rd period - Dylan Strome wins face-off versus Cedric Paquette in neutral zone.
10:28 of 3rd period - Wrist shot by Michael Ferland.
10:28 of 3rd period - Shot Misses the Net.
10:30 of 3rd period - Wrist shot by Anthony Cirelli.
10:30 of 3rd period - Deflect By Dylan Strome.
10:30 of 3rd period - Stopped by Anthony Stolarz without a rebound.
10:31 of 3rd period - Dylan Strome wins face-off versus Cedric Paquette in Penguins zone.
10:32 of 3rd period - Wrist shot by Michael Ferland.
10:32 of 3rd period - Shot Misses the Net.
10:34 of 3rd period - Snap shot by Anthony Cirelli.
10:34 of 3rd period - Stopped by Anthony Stolarz without a rebound.
10:35 of 3rd period - Cedric Paquette wins face-off versus Dylan Strome in Penguins zone.
10:35 of 3rd period - Cedric Paquette is hit by Michael Ferland.
10:59 of 3rd period - Slapshot by Cedric Paquette.
10:59 of 3rd period - Stopped by Josef Korenar with a rebound.
11:19 of 3rd period - Snap shot by Cedric Paquette.
11:19 of 3rd period - Stopped by Josef Korenar with a rebound.
11:27 of 3rd period - Wrist shot by William Nylander.
11:27 of 3rd period - Stopped by Josef Korenar with a rebound.
12:17 of 3rd period - Backhand shot by William Nylander.
12:17 of 3rd period - Shot Misses the Net.
13:09 of 3rd period - Wrist shot by Michael Ferland.
13:09 of 3rd period - Stopped by Anthony Stolarz without a rebound.
13:10 of 3rd period - Brock Boeser wins face-off versus Frederick Gaudreau in Penguins zone.
13:26 of 3rd period - Off-side.
13:27 of 3rd period - Connor Bunnaman wins face-off versus Adam Brooks in neutral zone.
13:36 of 3rd period - Wrist shot by Dalton Smith.
13:36 of 3rd period - Deflect By Denis Gurianov.
13:36 of 3rd period - Shot Misses the Net.
13:36 of 3rd period - Puck is out of play.
13:37 of 3rd period - Connor Bunnaman wins face-off versus Curtis Hamilton in Penguins zone.
13:42 of 3rd period - Snap shot by Denis Gurianov.
13:42 of 3rd period - Shot Misses the Net.
13:44 of 3rd period - Snap shot by Dalton Smith.
13:44 of 3rd period - Shot Misses the Net.
13:54 of 3rd period - Wrist shot by Dalton Smith.
13:54 of 3rd period - Stopped by Anthony Stolarz with a rebound.
14:02 of 3rd period - Wrist shot by Denis Gurianov.
14:02 of 3rd period - Shot Misses the Net.
14:04 of 3rd period - Slapshot by Jordan Oesterle.
14:04 of 3rd period - Shot Misses the Net.
14:06 of 3rd period - Slapshot by Jordan Oesterle.
14:06 of 3rd period - Stopped by Anthony Stolarz with a rebound.
14:08 of 3rd period - Slapshot by Dalton Smith.
14:08 of 3rd period - Stopped by Anthony Stolarz with a rebound.
14:10 of 3rd period - Slapshot by Roman Josi.
14:10 of 3rd period - Deflect By Dalton Smith.
14:10 of 3rd period - Stopped by Anthony Stolarz with a rebound.
14:12 of 3rd period - Slapshot by Jordan Oesterle.
14:12 of 3rd period - Deflect By Denis Gurianov.
14:12 of 3rd period - Stopped by Anthony Stolarz without a rebound.
14:13 of 3rd period - Frederick Gaudreau wins face-off versus Jayson Megna in Penguins zone.
14:17 of 3rd period - Off-side.
14:18 of 3rd period - Jayson Megna wins face-off versus Frederick Gaudreau in neutral zone.
14:29 of 3rd period - Slapshot by Teemu Hartikainen.
14:29 of 3rd period - Deflect By Jayson Megna.
14:29 of 3rd period - Shot Blocked by Gavin Bayreuther.
14:29 of 3rd period - Puck is out of play.
14:30 of 3rd period - Jayson Megna wins face-off versus Frederick Gaudreau in Penguins zone.
14:55 of 3rd period - Slapshot by Max Gortz.
14:55 of 3rd period - Deflect By Adam Brooks.
14:55 of 3rd period - Shot Misses the Net.
14:55 of 3rd period - Puck is out of play.
14:56 of 3rd period - Adam Brooks wins face-off versus Dalton Smith in Crunch zone.
14:57 of 3rd period - Snap shot by Christopher Tanev.
14:57 of 3rd period - Stopped by Josef Korenar with a rebound.
15:08 of 3rd period - Minor Penalty to Christopher Tanev for Hooking.
15:09 of 3rd period - Jayson Megna wins face-off versus Cedric Paquette in Penguins zone.
15:34 of 3rd period - Wrist shot by Michael Ferland.
15:34 of 3rd period - Shot Misses the Net.
15:36 of 3rd period - Wrist shot by Michael Ferland.
15:36 of 3rd period - Crunch goal is going for a video replay.
15:36 of 3rd period - The goal is good.
15:36 of 3rd period - Goal by Michael Ferland - Crunch : 8 - Penguins : 7.
15:37 of 3rd period - Adam Brooks wins face-off versus Jayson Megna in neutral zone.
16:02 of 3rd period - Christopher Tanev is hit by Dalton Smith and loses puck.
16:25 of 3rd period - Anthony Beauvillier is hit by Noah Hanifin and loses puck.
16:34 of 3rd period - Wrist shot by Kyle Connor.
16:34 of 3rd period - Shot Misses the Net.
16:52 of 3rd period - Icing by Matt Roy.
16:53 of 3rd period - Adam Brooks wins face-off versus Dylan Strome in Crunch zone.
17:18 of 3rd period - Michael Ferland is hit by Frederick Gaudreau and loses puck.
17:23 of 3rd period - Slapshot by Gavin Bayreuther.
17:23 of 3rd period - Shot Blocked by Anthony Cirelli.
17:25 of 3rd period - Snap shot by Kyle Connor.
17:25 of 3rd period - Deflect By Anthony Beauvillier.
17:25 of 3rd period - Stopped by Josef Korenar with a rebound.
17:48 of 3rd period - Wrist shot by William Nylander.
17:48 of 3rd period - Stopped by Josef Korenar with a rebound.
17:58 of 3rd period - Christopher Tanev is hit by Noah Hanifin and loses puck.
18:03 of 3rd period - Wrist shot by Mitch Callahan.
18:03 of 3rd period - Stopped by Anthony Stolarz with a rebound.
18:05 of 3rd period - Wrist shot by Noah Hanifin.
18:05 of 3rd period - Stopped by Anthony Stolarz without a rebound.
18:06 of 3rd period - Teemu Hartikainen wins face-off versus Adam Brooks in Penguins zone.
18:36 of 3rd period - Off-side.
18:37 of 3rd period - Cedric Paquette wins face-off versus Connor Bunnaman in neutral zone.
18:46 of 3rd period - Penguins, Anthony Stolarz is pulled from the net.
18:58 of 3rd period - Minor Penalty to Sean Walker for Holding.
18:59 of 3rd period - Teemu Hartikainen wins face-off versus Cedric Paquette in Crunch zone.
18:59 of 3rd period - Teemu Hartikainen is hit by Iven Barbashev.
19:22 of 3rd period - Icing by Andrew O'Brien.
19:23 of 3rd period - Anthony Stolarz from Penguins was sent back in the game.
19:23 of 3rd period - Teemu Hartikainen wins face-off versus Frederick Gaudreau in Penguins zone.
19:35 of 3rd period - Icing by Andrew O'Brien.
19:36 of 3rd period - Teemu Hartikainen wins face-off versus Cedric Paquette in Penguins zone.
19:37 of 3rd period - Slapshot by Brock Boeser.
19:37 of 3rd period - Goal by Brock Boeser - Crunch : 9 - Penguins : 7.
19:38 of 3rd period - Cedric Paquette wins face-off versus Teemu Hartikainen in neutral zone.
19:45 of 3rd period - Snap shot by William Nylander.
19:45 of 3rd period - Shot Misses the Net.
19:47 of 3rd period - Slapshot by Christopher Tanev.
19:47 of 3rd period - Deflect By William Nylander.
19:47 of 3rd period - Goal by William Nylander - Crunch : 9 - Penguins : 8.
19:48 of 3rd period - Cedric Paquette wins face-off versus Jayson Megna in neutral zone.
Goals for this period are 4 for Crunch vs 4 for Penguins.
Shots for this period are 16 for Crunch vs 13 for Penguins.